 Dungeon Crawl Stone Soup version 0.30-a0-702-gdf48620a09 (webtiles) character file.

Game seed: 6112500705630570439

9634 Oxelix the Thaumaturge (level 11, 0/85 HPs)
             Began as a Djinni Fire Elementalist on Jan 21, 2023.
             Was a Priest of Ashenzari.
             Shot with a sling bullet by Joseph (6 damage)
             ... on level 10 of the Dungeon.
             The game lasted 00:35:02 (11317 turns).

Oxelix the Thaumaturge (Djinni Fire Elementalist)  Turns: 11317, Time: 00:35:03

Health: 0/85       AC:  8    Str:  7    XL:     11   Next: 78%
Gold:   542        EV: 16    Int: 21    God:    Ashenzari [***...] SH:  5 Dex: 14

rFire   + . .      SeeInvis +    O - staff of cold
rCold   + . .      Faith    .    (no shield)
rNeg    . . .      Spirit   .    u - +0 troll leather armour
rPois   ∞          Reflect  +    c - +0 helmet "Behold Eternity" {Evo, Melee} (curse)
rElec   .          Harm     .    t - +0 cloak of the Esoteric Heavens {Self, Range} (curse)
rCorr   +          Rampage  .    d - +0 pair of gloves of the Ruined Sorrow {Self, Cun} (curse)
Will    +....      Clarity  +    (boots unavailable)
Stlth   ++                       n - amulet of Ashenzari's Sybil {Reflect SH+5, Self, Evo} (curse)
HPRegen 1.14/turn                k - ring of ice
MPRegen 0.00/turn                E - ring of resist corrosion

@: flying
A: sickness immunity, fire resistance 2, cold vulnerability 1, float, innate
caster, HP casting, extra vitality 1
a: Renounce Religion, Shatter the Chains


You were on level 10 of the Dungeon.
You worshipped Ashenzari.
Ashenzari was most pleased with you.
You visited 1 branch of the dungeon, and saw 10 of its levels.

You collected 542 gold pieces.

Inventory:

Missiles
 a - 2 throwing nets
 s - 7 javelins
 v - 12 boomerangs (quivered)
 A - 35 poisoned darts
Armour
 c - the cursed +0 helmet "Behold Eternity" (worn) {Evo, Melee}
   (You found it on level 1 of the Dungeon)

   It has a curse which improves the following skills: Evocations: Evocations.
   Melee Combat: Short Blades, Long Blades, Axes, Maces & Flails, Polearms,
   Staves and Unarmed Combat.
 d - the cursed +0 pair of gloves of the Ruined Sorrow (worn) {Self, Cun}
   (You found it on level 9 of the Dungeon)

   It has a curse which improves the following skills: Introspection: Fighting
   and Spellcasting.
   Cunning:   Dodging and Stealth.
 e - a +2 leather armour of cold resistance
 t - the cursed +0 cloak of the Esoteric Heavens (worn) {Self, Range}
   (You took it off Crazy Yiuf on level 3 of the Dungeon)

   It has a curse which improves the following skills: Introspection: Fighting
   and Spellcasting.
   Ranged Combat: Ranged Weapons and Throwing.
 u - a +0 troll leather armour (worn)
 F - a +0 cloak
 J - a +0 cloak
 N - a +2 robe of cold resistance
Magical Staves
 O - a staff of cold (weapon)
Jewellery
 k - a ring of ice (left hand)
 n - the cursed amulet of Ashenzari's Sybil (around neck) {Reflect SH+5, Self, Evo}
   (You found it on level 2 of the Dungeon)

   [amulet of reflection]

   It reflects blocked missile attacks.
   SH:        It affects your SH (+5).
   It has a curse which improves the following skills: Introspection: Fighting
   and Spellcasting.
   Evocations: Evocations.
 E - a ring of resist corrosion (right hand)
Wands
 w - a wand of flame (11)
 y - a wand of mindburst (10)
 K - a wand of acid (5)
 L - a wand of digging (6)
Scrolls
 f - a scroll of magic mapping
 g - 2 scrolls of fog
 j - 6 scrolls of identify
 q - 6 scrolls of poison
 r - 6 scrolls of teleportation
 x - 3 scrolls of fear
 z - a scroll of enchant armour
 B - 2 scrolls of silence
 D - 5 scrolls of enchant weapon
 G - a scroll of immolation
 I - a scroll of butterflies
 M - a scroll of blinking
Potions
 b - a potion of magic
 h - 3 potions of attraction
 i - a potion of berserk rage
 l - a potion of haste
 m - 3 potions of invisibility
 o - 2 potions of lignification
 p - 6 potions of curing
 C - 2 potions of heal wounds
 H - 4 potions of might


   Skills:
 + Level 6.5(9.8) Fighting
 - Level 4.5 Armour
 - Level 9.0(10.6) Dodging
 - Level 1.5(2.7) Stealth
 * Level 10.8(14.0) Spellcasting


You had 11 spell levels left.
You knew the following spells:

 Your Spells              Type           Power      Damage    Failure   Level
a - Foxfire               Conj/Fire      100%       2x1d9     1%          1
b - Scorch                Fire           100%       2d10      1%          2
c - Kindle Blastsparks    Fire/Tloc/Air  100%       2d18      1%          3
d - Inner Flame           Hex/Fire       65%        N/A       1%          3
e - Flame Wave            Conj/Fire      65%        2d15      1%          4
f - Slow                  Hex            100%       N/A       1%          1
g - Call Imp              Summ           65%        N/A       1%          2
h - Portal Projectile     Hex/Tloc       100%       N/A       1%          3
i - Summon Lightning Spi  Summ/Air       65%        N/A       1%          4
j - Iskenderun's Mystic   Conj/Tloc      65%        2d13      1%          4
Your spell library was empty.

Dungeon Overview and Level Annotations

Branches:
Dungeon (10/15)            Temple (0/1) D:5            Lair (0/5) D:10
    Orc (0/2) D:9

Altars:
Ashenzari
Gozag
Makhleb
Okawaru

Shops:
D:2 (   D:6 :

Annotations:
D:10 Joseph


Innate Abilities, Weirdness & Mutations

You are immune to sickness and miasma.
You are immune to poison.
Your flesh is very heat resistant. (rF++)
You are vulnerable to cold. (rC-)
You float through the air rather than walking.
You learn spells naturally, not from books.
Your magical power is your life essence.
You have superior vitality. (+4 MHP)


Message History

Joseph is lightly wounded.
The foxfire hits Joseph but does no damage.
Joseph is lightly wounded.
Casting: Foxfire (safe; 1% risk of failure)
Confirm with . or Enter, or press ? or * to list all spells.
You conjure some foxfire!
The foxfire hits Joseph.
Joseph is lightly wounded.
Joseph shoots a sling bullet.
The sling bullet hits you! The sling bullet freezes you.
Casting: Foxfire (safe; 1% risk of failure)
Confirm with . or Enter, or press ? or * to list all spells.
Flames lash Joseph.
Joseph is moderately wounded.
Joseph's fire resistance burns away.
The foxfire hits Joseph.
Joseph is burned terribly!
Joseph is moderately wounded.
The foxfire hits Joseph.
Joseph is burned terribly!
Joseph is moderately wounded.
The foxfire hits Joseph.
Joseph is heavily wounded.
Casting: Scorch (safe; 1% risk of failure)
Confirm with . or Enter, or press ? or * to list all spells.
Flames lash Joseph.
Joseph is burned terribly!
Joseph is heavily wounded.
Joseph shoots a sling bullet.
The sling bullet hits you!
* * * LOW HITPOINT WARNING * * *
Casting: Scorch (safe; 1% risk of failure)
Confirm with . or Enter, or press ? or * to list all spells.
Flames lash Joseph.
Joseph is burned terribly!
Joseph is almost dead.
* * * LOW HITPOINT WARNING * * *
Joseph shoots a sling bullet.
The sling bullet hits you!
* * * LOW HITPOINT WARNING * * *
Casting: Scorch (safe; 1% risk of failure)
Confirm with . or Enter, or press ? or * to list all spells.
Flames lash Joseph.
Joseph is burned terribly!
Joseph is almost dead.
* * * LOW HITPOINT WARNING * * *
Joseph shoots a sling bullet.
The sling bullet hits you.
You die...

*,,,,,,**######.......@,,,,,,,,,
*,,,,,,,,..............,,,,,,),,
*,,,,,,,,,,..........,,****,,,,,
*,,,,,,,,,,,,..8...,,,,*,,****,*
*,,,,,,,,*****#..#******,,,,,*,*
*,,,,,,,,* #..#,,,,,,,,,,,*,*
*,,,,[,,,* #@.#,,,,,,,,,,,*,*
*,,,,,,,,* #..#,,,,,,,,,,,*,*
*,,,,,,,,* #@.#,,,,,,,,,,,*,*
******,,,* #..#,,,,,,,,,,,*,*
*.,,* #..#,,,,,,,,,,,',*
*...######..#,,,,,,,,,,,*,*
*...........#,,..,,,,,,,*,,
*..........(#,...,,,,,,,**,
#..[#####...#....,,),,,,,*,
#...#...#...#....,,,,,****,
#...#...'...'....,,,,,*,,)[


You could see Joseph (combustible, ally target) and a friendly lightning spire
(summoned).

Vanquished Creatures
  Urug (D:10)
  The ghost of wpisznazwe the Slasher, a novice DgGl (D:5)
  A kobold demonologist (D:10)
  A komodo dragon (D:10)
  A troll (D:6)
  Grinder (D:3)
  3 yaks (D:9)
  A steam dragon (D:7)
  4 water moccasins
  Duvessa (D:5)
  3 orc warriors (D:9)
  A sky beast (D:7)
  An ice beast (D:7)
  2 black bears
  An ogre (D:5)
  3 phantoms
  5 kobold brigands
  A necrophage (D:5)
  2 bullfrogs
  2 wights (D:8)
  Dowan (D:5)
  20 killer bees
  3 electric eels (D:9)
  2 howler monkeys (D:5)
  Crazy Yiuf (D:3)
  10 orc priests
  5 hounds
  Jessica (D:3)
  4 iguanas
  17 orc wizards
  3 gnolls
  12 adders
  3 white imps
  3 worms
  3 dart slugs
  41 orcs
  5 ball pythons
  2 bats
  6 endoplasms
  3 giant cockroaches
  8 goblins
  3 hobgoblins
  3 jackals (D:1)
  5 quokkas
  4 frilled lizards
  28 kobolds
  4 rats
236 creatures vanquished.

Vanquished Creatures (collateral kills)
  Fannar (D:10)
  A cyclops (D:10)
  2 yaks (D:9)
  3 orc warriors
  A gnoll sergeant (D:9)
  2 scorpions (D:5)
  A necrophage (D:6)
  5 wights (D:8)
  6 killer bees
  A jelly (D:5)
  A hound (D:5)
  A gnoll bouda (D:8)
  5 orc priests
  An iguana (D:5)
  An orc wizard (D:9)
  6 gnolls
  An ufetubus (D:4)
  15 orcs
  2 hobgoblins
  4 kobolds
  A quokka (D:5)
  2 foxfires
63 creatures vanquished.

Vanquished Creatures (others)
  An orc (D:9)
  905 foxfires
  2 fungi (D:3)
908 creatures vanquished.

Grand Total: 1207 creatures vanquished

Notes
Turn   | Place    | Note
-------+----------+-------------------------------------------
     0 | D:1      | Oxelix the Djinni Fire Elementalist began the quest for the
                  | Orb.
     0 | D:1      | Oxelix set off with the following spells memorised:
                  | Foxfire, Scorch, Kindle Blastsparks, Inner Flame, Flame
                  | Wave.
     0 | D:1      | Reached XP level 1. HP: 15/15 MP: 0/0
   100 | D:1      | Reached XP level 2. HP: 14/21 MP: 0/0
   404 | D:1      | Reached skill level 3 in Spellcasting
   614 | D:1      | Reached XP level 3. HP: 22/25 MP: 0/0
   614 | D:1      | Learned a level 1 spell: Slow
  1271 | D:2      | Found Pidue's Antique Weapon Shoppe.
  1429 | D:2      | Reached XP level 4. HP: 23/31 MP: 0/0
  1635 | D:2      | Reached skill level 4 in Spellcasting
  2034 | D:3      | Reached XP level 5. HP: 34/35 MP: 0/0
  2034 | D:3      | Learned a level 2 spell: Call Imp
  2270 | D:3      | Noticed Jessica
  2277 | D:3      | Killed Jessica
  2457 | D:3      | Noticed Grinder
  2464 | D:3      | Killed Grinder
  2465 | D:3      | Reached skill level 5 in Spellcasting
  2465 | D:3      | Reached XP level 6. HP: 15/40 MP: 0/0
  2617 | D:3      | Found an opulent altar of Gozag.
  3027 | D:3      | Found a runed translucent door.
  3028 | D:3      | Noticed Crazy Yiuf
  3038 | D:3      | Killed Crazy Yiuf
  3039 | D:3      | Reached XP level 7. HP: 22/45 MP: 0/0
  3039 | D:3      | Learned a level 3 spell: Portal Projectile
  3206 | D:4      | Reached skill level 6 in Spellcasting
  3404 | D:4      | Found a broken altar of Ashenzari.
  3408 | D:4      | Became a worshipper of Ashenzari the Shackled
  3830 | D:5      | Entered Level 5 of the Dungeon
  4081 | D:5      | Reached XP level 8. HP: 41/50 MP: 0/0
  4138 | D:5      | Reached skill level 7 in Spellcasting
  4178 | D:5      | Noticed Duvessa
  4192 | D:5      | Killed Duvessa
  4407 | D:5      | Found a large runed translucent door.
  4407 | D:5      | Found a large runed translucent door.
  4408 | D:5      | Noticed wpisznazwe's ghost (novice DgGl)
  4673 | D:5      | Reached skill level 8 in Spellcasting
  4700 | D:5      | Found a staircase to the Ecumenical Temple.
  4712 | D:5      | Noticed Dowan
  4721 | D:5      | Killed Dowan
  4918 | D:5      | Reached XP level 9. HP: 49/55 MP: 0/0
  4918 | D:5      | Learned a level 4 spell: Summon Lightning Spire
  5153 | D:5      | Reached skill level 9 in Spellcasting
  5447 | D:5      | Killed wpisznazwe's ghost
  5573 | D:6      | Reached * piety under Ashenzari
  5655 | D:6      | Found Joheves's Book Boutique.
  5960 | D:6      | Reached skill level 1 in Fighting
  6085 | D:6      | Reached ** piety under Ashenzari
  6208 | D:6      | Noticed a troll
  6222 | D:6      | Killed a troll
  6585 | D:7      | Reached skill level 10 in Spellcasting
  6585 | D:7      | Reached XP level 10. HP: 45/67 MP: 0/0
  6672 | D:7      | Found a burning altar of Makhleb.
  7397 | D:7      | Reached *** piety under Ashenzari
  7418 | D:7      | Found an iron altar of Okawaru.
  7921 | D:8      | Reached skill level 5 in Dodging
  9229 | D:9      | Reached skill level 1 in Armour
  9303 | D:9      | Reached XP level 11. HP: 67/81 MP: 0/0
  9303 | D:9      | Learned a level 4 spell: Iskenderun's Mystic Blast
  9453 | D:9      | Reached skill level 5 in Fighting
 10145 | D:9      | Found a staircase to the Orcish Mines.
 10304 | D:10     | Entered Level 10 of the Dungeon
 10386 | D:10     | Found a staircase to the Lair.
 10502 | D:10     | Noticed Fannar
 10510 | D:10     | Killed Fannar
 10666 | D:10     | Noticed Urug
 10674 | D:10     | Killed Urug
 10785 | D:10     | Noticed Joseph
 10990 | D:10     | Noticed a cyclops
 11009 | D:10     | Killed a cyclops
 11317 | D:10     | Shot with a sling bullet by Joseph

Illustrated notes

Levels and vault maps discovered:
D:1:      minmay_arrival_nine_rooms, layout_basic, nrook_uturn,
          hangedman_decor_riveting, kennysheep_pointless_box
D:2:      layout_basic, serial_shops, shop_statue
D:3:      layout_basic, grunt_gozag_breadcrumbs, serial_curves, eino_curves_04,
          eino_curves_02, uniq_crazy_yiuf_cottage, uniq_grinder, uniq_jessica
D:4:      layout_cave_pools, mainiacjoe_overflow_brackets
D:5:      minmay_chambers_of_threes, layout_basic, minmay_temple_entry_hall,
          ebering_ghost_disaster_area, minivault_5, uniq_duvessa
D:6:      layout_loops_ring, serial_shops, nicolae_shop_statue_plus,
          minmay_crystal_room
D:7:      layout_loops_ring, old_standard_altar,
          chequers_temple_overflow_statue_of_worship
D:8:      layout_basic, chequers_serial_rivers_micro_e
D:9:      layout_roguey, erik_orc_2, grunt_ministairs_11
D:10:     layout_irregular_city, lair_entry_dummy, uniq_urug, uniq_fannar,
          uniq_joseph

Skill      XL: |  1  2  3  4  5  6  7  8  9 10 11 |
---------------+----------------------------------+-----
Spellcasting   | 3 4 5 6 8 10 | 10.8
Fighting       | 2 4 6 |  6.5
Dodging        | 3 6 9 |  9.0
Armour         | 2 4 |  4.5
Stealth        | |  1.5

Action                   |  1- 3 |  4- 6 |  7- 9 | 10-12 || total
-------------------------+-------+-------+-------+-------++-------
Melee: Unarmed           |    12 |     4 |       |       ||    16
       Mace              |       |       |     2 |    13 ||    15
Throw: Boomerang         |       |       |       |     6 ||     6
 Cast: Foxfire           |    83 |    66 |   153 |   236 ||   538
       Scorch            |     7 |    10 |    42 |   114 ||   173
       Call Imp          |       |    10 |    15 |    14 ||    39
       Kindle Blastspark |       |       |     1 |       ||     1
       Summon Lightning  |       |       |     9 |    22 ||    31
       Flame Wave        |       |       |       |     4 ||     4
       Portal Projectile |       |       |       |     3 ||     3
       Inner Flame       |       |       |       |     2 ||     2
       Iskenderun's Myst |       |       |       |     1 ||     1
Invok: Curse Item        |       |       |     3 |     2 ||     5
       Shatter the Chain |       |       |       |     1 ||     1
  Use: Scroll            |       |       |     5 |       ||     5
 Stab: Sleeping          |     1 |       |       |       ||     1
Armor: Robe              |     1 |       |       |       ||     1
       Leather armour    |       |       |    10 |     4 ||    14
       Troll leather arm |       |       |       |    12 ||    12
       Skin              |       |       |       |     1 ||     1
Dodge: Dodged            |     6 |     3 |    19 |    47 ||    75
Block: Other             |       |       |     6 |    16 ||    22
       Reflection        |       |       |       |     3 ||     3

Table legend: (Time is in decaauts)
 A = Elapsed time spent in this place.
 B = Non-inter-level travel time spent in this place.
 C = Inter-level travel time spent in this place.
 D = Time resting spent in this place.
 E = Time spent auto-exploring this place.
 F = Levels seen in this place.
 G = Mean time per level.
                   A        B        C        D        E       F      G
               +--------+--------+--------+--------+--------+-----+--------+
         Total |  11321 |  11020 |    301 |   1570 |   7581 |  10 | 1132.1 |
       Dungeon |  11321 |  11020 |    301 |   1570 |   7581 |  10 | 1132.1 |
               +--------+--------+--------+--------+--------+-----+--------+

Top non-repeatable levels by time:
     D:5: 1684 daAuts
     D:8: 1600 daAuts
     D:3: 1239 daAuts
     D:1: 1184 daAuts
     D:9: 1099 daAuts
     D:6: 1062 daAuts
     D:7: 1054 daAuts
    D:10: 992 daAuts
     D:2: 722 daAuts
     D:4: 681 daAuts
